Cogmind - Beta 14 @@@ ROGUE MODE // 2025.03.22 @ 14:42:12 // Winter2019/RPGLIKE Player: Lava Result: Destroyed by S-10 Pest with Light Assault Rifle Performance ------------- Evolutions (0) 0 Regions Visited (2) 400 Robots Destroyed (24) 120 Value Destroyed (608) 608 Prototype IDs (0) 0 Alien Tech Used (0) 0 Bonus (0) 0 TOTAL SCORE: 1128 Bonus ------- None Cogmind --------- Core Integrity 0/600 Matter 300/300 Energy 250/250 System Corruption 0% Temperature Cool (0) Movement Treading (160) Location -10/Mines Parts ------- > --- POWER (1) -------- Ion Engine > --- PROPULSION (2) --- Light Treads Light Treads > --- UTILITY (2) ------ Signal Interpreter Tractor Beam > --- WEAPON (2) ------- Light Assault Rifle Light Assault Rifle > --- INVENTORY (1) ---- Grenade Launcher Peak State ------------ > --- POWER ------------ Ion Engine > --- PROPULSION ------- Light Treads Light Treads > --- UTILITY ---------- Signal Interpreter Tractor Beam > --- WEAPON ----------- Light Assault Rifle Light Assault Rifle > --- INVENTORY -------- (None) [Rating: 7] Favorites ----------- Power Ion Engine Engine Ion Engine Propulsion Light Treads Treads Light Treads Utility Signal Interpreter Device Tractor Beam Processor Signal Interpreter Weapon Light Assault Rifle Ballistic Gun Light Assault Rifle Launcher Grenade Launcher Build | -11 -10 -10 ------- Run | Yrd Mat Min Slots Evolved 3 | 3 . . Power . | . . . Propulsion 1 | 1 . . Utility 1 | 1 . . Weapon 1 | 1 . . Parts Attached 9 | 5 2 2 Power 1 | 1 . . Engine 1 | 1 . . Core . | . . . Reactor . | . . . Propulsion 2 | 2 . . Treads 2 | 2 . . Leg . | . . . Wheel . | . . . Hover . | . . . Flight . | . . . Utility 2 | . 2 . Device 1 | . 1 . Storage . | . . . Processor 1 | . 1 . Hackware . | . . . Protection . | . . . Artifact . | . . . Weapon 4 | 2 . 2 Energy Gun . | . . . Energy Cannon . | . . . Ballistic Gun 3 | 2 . 1 Ballistic Cannon . | . . . Launcher 1 | . . 1 Special Weapon . | . . . Impact Weapon . | . . . Slashing Weapon . | . . . Piercing Weapon . | . . . Special Melee Weapon . | . . . Unidentified Prototypes . | . . . Parts Lost . | . . . Power . | . . . Propulsion . | . . . Utility . | . . . Weapon . | . . . Highest Loss Streak . | . . . To Critical Strikes . | . . . Average Slot Usage (%) 98 | . 97 100 Engine 14 | . 14 14 Treads 28 | . 28 28 Device 13 | . 12 14 Processor 13 | . 13 14 Ballistic Gun 27 | . 28 27 Peak Build Rating 7 | 5 7 7 Average Rating 6 | 4 6 7 On Entrance 4 | . 5 7 Naked Turns . | . . . Heaviest Build 10 | 7 8 10 Greatest Support 40 | 40 40 40 Greatest Overweight (x) . | . . . Average Overweight (x) . | . . . Largest Inventory Capacity 1 | 1 1 1 Average Capacity 1 | 1 1 1 Most Carried 1 | 1 1 1 Average Carried . | . . 1 Final Capacity 1 | 1 1 1 Final Carried 1 | . 1 1 Class Distribution -------------------- 100% | Mutant Dominant Class ---------------- Mutant | -10/Materials Mutant | -10/Mines Resources | -11 -10 -10 ----------- Run | Yrd Mat Min Matter Collected 486 | 250 146 90 Remotely 236 | . 146 90 Salvage Created 479 | . 338 141 Parts 52 | . 34 18 Haulers Intercepted . | . . . Recyclers Shooed . | . . . Parts Field Recycled . | . . . Retrieved Matter . | . . . Parts Self-Destructed . | . . . Prevented . | . . . Kills | -11 -10 -10 ------- Run | Yrd Mat Min Combat Hostiles Destroyed 21 | . 11 10 Guns 19 | . 11 8 AOE 2 | . . 2 Classes Destroyed 5 | . 4 1 Operator 2 | . 2 . Watcher 3 | . 3 . Swarmer 6 | . 2 4 Grunt 13 | . 9 4 Assembled 2 | . . 2 Best Kill Streak 3 | . 3 3 Combat Bots Only 3 | . 2 3 Max Kills in Single Turn 2 | . 1 2 Gunslinging . | . . . Exploded 2 | . . 2 Melee . | . . . Uniques/NPCs Destroyed . | . . . Combat | -11 -10 -10 -------- Run | Yrd Mat Min Hostile Shots Fired 144 | . 65 79 Missed 40 | . 16 24 Damage Taken 1465 | . 552 913 Core 1179 | . 442 737 Absorbed by Shields . | . . . Redirected to Core 953 | . 365 588 Core Remaining (%) 100 | 100 . . Volleys Fired 97 | . 63 34 Largest 2 | . 2 2 Hottest 40 | . 40 40 Shots Fired 187 | . 126 61 Gun 186 | . 126 60 Cannon . | . . . Launcher 1 | . . 1 Special . | . . . Kinetic 186 | . 126 60 Thermal . | . . . Explosive 1 | . . 1 Electromagnetic . | . . . Robot Hit Streak 13 | . 12 13 Robot Miss Streak 9 | . 9 2 Penetration Max . | . . . Secondary Targets 4 | . 2 2 Max Gunslinging Chain 1 | . 1 1 Shots Hit Robots 118 | . 73 45 Core Hits 60 | 1 38 21 Critical Kills 1 | . 1 . Critical Parts Destroyed . | . . . Critical Strikes 1 | . 1 . Destroy 1 | . 1 . Melee Attacks . | . . . Impact . | . . . Slashing . | . . . Piercing . | . . . Sneak Attacks . | . . . Combat Hostiles . | . . . Follow-up Attacks . | . . . Damage Inflicted 1126 | 1 625 500 Guns 972 | . 619 353 Cannons . | . . . Explosions 147 | . . 147 Melee . | . . . Ramming 7 | 1 6 . Kinetic 972 | . 619 353 Thermal . | . . . Explosive 147 | . . 147 Electromagnetic . | . . . Impact . | . . . Slashing . | . . . Piercing . | . . . Highest Corruption . | . . . Average Corruption . | . . . Corruption Purged . | . . . Corruption Blocked . | . . . Overload Shots . | . . . Overflow Damage . | . . . Projectiles . | . . . Explosions . | . . . Melee . | . . . Knockbacks . | . . . Impact . | . . . Kinetic . | . . . Secondary . | . . . Self-Inflicted Damage . | . . . Shots . | . . . Rammed 6 | 2 3 1 Targets Rammed 6 | 2 3 1 Kicked . | . . . Crushed . | . . . Highest Temperature 39 | . 39 12 Average Temperature 12 | . 13 6 Received Heat Transfer 375 | . 303 72 Siege Activations . | . . . Robots Corrupted . | . . . Combat Hostiles . | . . . Parts Fried . | . . . Impact Corruptions . | . . . Robots Melted . | . . . Combat Hostiles . | . . . Parts Melted . | . . . Heat Transferred . | . . . Parts Sabotaged . | . . . Parts Stolen . | . . . Parts Stripped . | . . . Power Chain Reactions . | . . . Alert | -11 -10 -10 ------- Run | Yrd Mat Min Peak Influence 224 | . 224 224 Initial 37 | . . 37 Average 84 | . 92 77 Maximum Alert Level 1 | . 1 1 Low Security (%) 96 | 100 96 95 Level 1 3 | . 3 4 Level 2 . | . . . Level 3 . | . . . Level 4 . | . . . Level 5 . | . . . High Security . | . . . Max Security . | . . . Squads Dispatched 3 | . 3 . Investigation 1 | . 1 . Extermination . | . . . Reinforcement 2 | . 2 . Assault . | . . . Garrison . | . . . Intercept . | . . . Searches Triggered . | . . . Construction Impeded . | . . . Haulers Reinforced . | . . . Active Scanning Responses . | . . . Cargo Convoy Interrupts . | . . . Stealth | -11 -10 -10 --------- Run | Yrd Mat Min Distress Signals 1 | . 1 . Communications Jammed . | . . . Distress Signals . | . . . Times Spotted 36 | . 21 15 Peak Tracking Total 5 | . 5 4 Tactical Retreats 2 | . 1 1 Traps | -11 -10 -10 ------- Run | Yrd Mat Min Traps Triggered 1 | . 1 . Indirectly . | . . . Trap Hack Attempts . | . . . Triggered . | . . . Disarmed 1 | . 1 . Reprogrammed . | . . . Reused . | . . . Traps Extracted . | . . . Installed . | . . . Triggered . | . . . Machines | -11 -10 -10 ---------- Run | Yrd Mat Min Machines Disabled . | . . . Max in Single Turn . | . . . Machines Repaired . | . . . Machines Dismantled . | . . . Machines Sabotaged . | . . . Overloaded Fab Kills . | . . . Hacking | -11 -10 -10 --------- Run | Yrd Mat Min Machines Accessed 5 | . 5 . Terminals 5 | . 5 . Fabricators . | . . . Repair Stations . | . . . Recycling Units . | . . . Scanalyzers . | . . . Garrison Access . | . . . Total Hacks 20 | . 20 . Successful 15 | . 15 . Failed 5 | . 5 . Catastrophic 1 | . 1 . Database Lockouts . | . . . Manual 3 | . 3 . Terminals 20 | . 20 . Fabricators . | . . . Repair Stations . | . . . Recycling Units . | . . . Scanalyzers . | . . . Garrison Access . | . . . Terminal Hacks 15 | . 15 . Emergency Access Points 2 | . 2 . Terminal Index 1 | . 1 . Recycling Unit Index 1 | . 1 . Alert Level 1 | . 1 . Locate Traps 1 | . 1 . Disarm Traps 1 | . 1 . Maintenance Status 1 | . 1 . Investigation Status 1 | . 1 . Assault Status 1 | . 1 . Recall Reinforcements 1 | . 1 . Hauler Manifests 2 | . 2 . Registered Prototypes 1 | . 1 . Zone Layout 1 | . 1 . Fabricator Hacks . | . . . Repair Station Hacks . | . . . Recycling Unit Hacks . | . . . Scanalyzer . | . . . Garrison Access Hacks . | . . . Unauthorized Hacks . | . . . Terminals . | . . . Fabricators . | . . . Repair Stations . | . . . Recycling Units . | . . . Scanalyzers . | . . . Garrison Access . | . . . Data Cores Recovered . | . . . Used . | . . . Hacking Detections 4 | . 4 . Full Trace Events . | . . . Feedback Events . | . . . Feedback Blocked . | . . . Robot Schematics Acquired . | . . . Robots Built . | . . . Authchips . | . . . Time . | . . . Total Robot Build Rating . | . . . Part Schematics Acquired . | . . . Parts Built . | . . . Authchips . | . . . Time . | . . . Total Part Build Rating . | . . . Parts Repaired . | . . . Time . | . . . Parts Recycled . | . . . Recycled Matter . | . . . Retrieved Matter . | . . . Retrieved Components . | . . . Parts Scanalyzed . | . . . Part Schematics Acquired . | . . . Parts Damaged . | . . . Bothacking | -11 -10 -10 ------------ Run | Yrd Mat Min Used RIF Installer . | . . . Robots Hacked . | . . . Non-combat . | . . . Combat . | . . . Robot Hacks Applied . | . . . Relay Couplers Released . | . . . Fabnet Peak Effective % . | . . . Robots Rewired . | . . . Allies Hacked . | . . . Hacks Repelled . | . . . Allies | -11 -10 -10 -------- Run | Yrd Mat Min Total Allies . | . . . Largest Group . | . . . Highest-Rated Group . | . . . Highest-Rated Ally . | . . . Total Orders . | . . . Ally Attacks . | . . . Total Damage . | . . . Kills . | . . . Allies Corrupted . | . . . Allies Melted . | . . . Intel | -11 -10 -10 ------- Run | Yrd Mat Min Robot Analysis Total . | . . . Derelict Logs Recovered 1 | . . 1 Drone Launches . | . . . Drone Recoveries . | . . . Exploration | -11 -10 -10 ------------- Run | Yrd Mat Min Turns Passed 2248 | 59 1335 854 Spaces Moved 1189 | 38 680 471 Core 12 | 12 . . Treads 1177 | 26 680 471 Legs . | . . . Wheels . | . . . Hover . | . . . Flight . | . . . Fastest Speed 50 | 50 160 160 Average Speed 158 | 125 160 160 Slowest Speed 160 | 160 160 160 Overloaded Moves . | . . . Propulsion Burnouts . | . . . Robots Hopped . | . . . Cave-ins Triggered . | . . . Exploration Rate (%) 59 | 3 98 77 Regions Visited 2 Branch Regions 1 Pre-discovered Areas 1 | . . 1 Known Exits Taken 1 | . 1 . Unknown Exits Taken 1 | 1 . . Scrap Searched . | . . . Spaces Dug . | . . . Terrain Destroyed 7 | . . 7 Melee . | . . . Projectile . | . . . AOE 7 | . . 7 Terrain Rammed . | . . . Walls Destroyed . | . . . Machines Disabled . | . . . Actions | -11 -10 -10 --------- Run | Yrd Mat Min Total 1393 | 47 825 521 Wait 52 | . 52 . Move 1187 | 37 679 471 Hop . | . . . Pick Up 6 | 3 3 . Fast Attach 2 | 2 . . Attach 5 | 3 2 . Detach . | . . . Swap 2 | . . 2 Drop . | . . . Fire 97 | . 63 34 Melee . | . . . Ram . | . . . Kick . | . . . Crush 6 | 2 3 1 Escape Stasis . | . . . Rewire . | . . . Trap . | . . . Miscellaneous 36 | . 23 13 Route ------- -11/Scrapyard -10/Materials (discovered 4 exits: [*Mat x3] / *Min) -10/Mines (discovered 1 exit: [*Mat]) History --------- Turn | Location | Event 1 | -11/Scrapyard | Upgraded with Propulsion slot (x1) 1 | -11/Scrapyard | Upgraded with Utility slot (x1) 1 | -11/Scrapyard | Upgraded with Weapon slot (x1) 2 | -11/Scrapyard | Met Revision 17 10 | -11/Scrapyard | Discovered new exit (range 16) 60 | -11/Scrapyard | Entered Materials 283 | -10/Materials | Discovered new exit (range 15) 308 | -10/Materials | Build established: Mutant 395 | -10/Materials | Discovered new exit (range 7) 878 | -10/Materials | Discovered new exit (range 11) 1114 | -10/Materials | Discovered new exit (range 11) 1325 | -10/Materials | Reached level 2 1394 | -10/Materials | Identified exit to Mines 1395 | -10/Materials | Entered Mines 1696 | -10/Mines | Discovered new exit (range 12) 1713 | -10/Mines | Excavation squad dispatched 1713 | -10/Mines | A large section of the Mines collapsed 1987 | -10/Mines | Core integrity fell below 50% 1997 | -10/Mines | Core integrity fell below 20% 2242 | -10/Mines | Reached level 3 2249 | -10/Mines | Destroyed by S-10 Pest with Light Assault Rifle Last Messages --------------- 01981_ The unstable cave ceiling collapses. 01986_ Acquired 4 matter. 01986_ The unstable cave ceiling collapses. 01987_ Acquired 1 matter. 01990_ The unstable cave ceiling collapses. 01996_ YI-UF0: "KAPOW!" 01996_ YI-UF0 destroyed. 02005_ The unstable cave ceiling collapses. 02081_ Acquired 4 matter. 02085_ K-01 Serf collects debris. 02205_ U-05 Engineer builds a Wall. 02206_ K-01 Serf collects debris. 02212_ Acquired 3 matter. 02218_ U-05 Engineer lays Concrete. 02220_ U-05 Engineer builds a Wall. 02238_ Acquired 2 matter. 02242_ Reached level 3. 02242_ S-10 Pest destroyed. 02243_ Acquired 2 matter. [Achievement: Achiever] Map ----- +----------------------------------------------------+ | ???# ### ##### # #?## | | ???# """ ### #??## | | ???# ##### """ #???## | | ???# ###?## """ ###????? | | ??## ##?# ## #### # #####??????? | | ?## #?## ########??## ####??????????? | | ?# ##?### ##??????????# #########?????? | | ?# ########??????????### ??????? | | ?## #????######?### ?????????? | | ??## ## ###### ### # ####??????????? | | ???# ## ##?????????????? | | ???# ######### # ###### #??????????????? | | ???## #####???????#######?# # ###????????????? | | ????###???????????????????# # #????????#???? | | ??????????????????????????# # #???# ????? | | ?????????????????????????######=##### ???? | | ?????????????????????????# x #??????????? | | ??????????????????????#### # # ## #??????????? | | ??????????????????????# # #### #??????????? | | ??????????????????????# # ###??? #??????????? | | ??????????????????????# = ####?#??? #??????????? | | ????????????????????#?# !% ##????# ?? #???######## | | ????????????????????# # #?????# ?? #??## | | ????????????????????# #?????# ?? #?## #### | | ????????????????????## r #???### ## #?# ##??? | | ????????????????????# ##@=#???# #?# ###??? | | ?????????????????? # #%s#???# # ### # #??? | | ???????????????? [ #??# ## #??? | | ?????????????? s #?# ### #??? | | ????????????? % % #?# ###! ##??? | | ??????????????######?? #?# #! #???? | | ?????????????????????? #?## ##???? | | ??????????????????????# ###?# ##????? | | ??????????????????????## a#???## #?????? | | ???????????????????????##% #???# x ######## | | ????????????????????????# #???# ##?# | | ???????????????????####?# #???# ##?# | | ??????????????????## ### ###### #?# < | | ?????????????????## ## %* x #?# | | ?????????????????# ## ###### ## ? | | ?????????????????# # ## # ## ??? | | ?????????????????## # #?# # ?????? | | ??????????????????## ## #####?# # ????? | | ???????????????????# #?????#### # ???? | | ???????????????????# #####????????### "??? | | ???????????????????# ##?????????????? ???? | | ???????????????????# ##?????????#### # ?????? | | ???????????????????# ##????????# #??????? | | ???????????????????## ##???????# """ ######## | | ????????????????????## ######??# """ | +----------------------------------------------------+ Best States ------------- Heat Dissipation 25 Energy Generation 10 Energy Capacity 250 Matter Stores 300 Matter Capacity 300 Sight Range 16 Robot Scan Range 16 Terrain Scan Density 10 Evasion (%) 50 Recoil Reduction 2 Item Schematics ----------------- None Robot Schematics ------------------ None Fabricated ------------ Nothing Alien Tech Used ----------------- None Achievements -------------- Achiever Use The Force Challenges ------------ None RPGLIKE | -11 -10 -10 --------- Run | Yrd Mat Min Levels Raised 2 | . 1 1 XP Earned 6115 | 3000 1715 1400 XP Spent 4350 | 2850 . 1500 Upgrades 15 | 12 . 3 Propulsion Slot 1 | 1 . . Utility Slot 1 | 1 . . Weapon Slot 1 | 1 . . Inventory Capacity 1 | 1 . . Sensor Range 8 | 8 . . Ranged Accuracy 3 | . . 3 Protomatter Created 283 | . 202 81 Integrity Restored 656 | . 413 243 Core 577 | . 334 243 Parts 79 | . 79 . Protomatter Decayed 63 | . 58 5 Game ------ Seed SlugLaserKit Manual? 0 Play Time 00:15:22 Cumulative 29.4 hours Start 2025.03.22 @ 14:30:07 End 2025.03.22 @ 14:42:12 Sessions 1 Manual Loads 0 Difficulty Rogue Special Mode Winter2019/RPGLIKE Game No. 49 Rogue 49 Adventurer 0 Explorer 0 Win Type - Total 0 Types 0/0/0/0/0/0/0/0/0 Lore% 13 Gallery% 24 Achievement% 25 Wizard Run 0 Options --------- Layout 0 ASCII 0 Keyboard 0 Movement Mouse Keybinds 0 Fullscreen 1 Font 24/Smallcaps Map View 76x56 Zoom Use 0% Tactical HUD 1 Map Filters NONE Filters NONE Steam 1 RUN: f0d5b16e-4fc6-48ea-a2cb-d564fa622fde